 Dungeon Crawl Stone Soup version 0.25-a0-458-g6fc7858b95 (webtiles) character file.

Game seed: 7395623305001078555, levelgen mode: deterministic

40 ChaosChampion the Sneak (level 3, -6/17 HPs)
             Began as a Spriggan Enchanter on Feb 1, 2020.
             Mangled by a hippogriff (8 damage)
             ... on level 2 of the Dungeon.
             The game lasted 00:07:09 (1469 turns).

ChaosChampion the Sneak (Spriggan Enchanter)        Turns: 1469, Time: 00:07:09

Health: -6/17      AC:  2    Str:  4    XL:     3   Next: 30%
Magic:  4/8        EV: 18    Int: 16    God:
Gold:   21         SH:  0    Dex: 17    Spells: 5/8 levels left

rFire    . . .     SeeInvis +   a - +1 dagger
rCold    . . .     Gourm    .   (shield restricted)
rNeg     . . .     Faith    .   b - +0 robe
rPois    .         Spirit   .   (helmet restricted)
rElec    .         Reflect  .   (no cloak)
rCorr    .         Harm     .   (gloves unavailable)
MR       .....                  (boots unavailable)
Stlth    +++.......             (no amulet)
HPRegen  0.05/turn              (no ring)
MPRegen  0.11/turn              (no ring)

@: very quick
A: very small, unfitting armour, see invisible, herbivore, speed 3, slow
metabolism 2
a: no special abilities


You were on level 2 of the Dungeon.
You were not hungry.

You visited 1 branch of the dungeon, and saw 2 of its levels.

You collected 21 gold pieces.

Inventory:

Hand Weapons
 a - a +1 dagger (weapon)
Armour
 b - a +0 robe (worn)
Potions
 c - 2 potions of haste {unknown}
Comestibles
 d - 3 rations


   Skills:
 + Level 0.5 Fighting
 * Level 2.1 Short Blades
 + Level 3.1 Dodging
 * Level 5.1 Stealth
 + Level 3.0 Spellcasting
 + Level 3.9 Hexes
 + Level 0.2 Ice Magic


You had 5 spell levels left.
You knew the following spells:

 Your Spells              Type           Power        Failure   Level  Hunger
a - Corona                Hex            ##.....      3%          1    #......
b - Ensorcelled Hibernat  Hex/Ice        #.....       12%         2    ##.....

Your spell library contained the following spells:

 Spells                   Type           Power        Failure   Level  Hunger
 Confusing Touch          Hex            ##......     12%         3    ###....
 Tukima's Dance           Hex            ##......     12%         3    ###....
 Dazzling Flash           Conj/Hex       #.....       26%         3    ###....


Dungeon Overview and Level Annotations

Branches:
Dungeon (2/15)

Altars:


Innate Abilities, Weirdness & Mutations

You are very small and have problems with some larger weapons.
You are too small for most types of armour.
You have supernaturally acute eyesight. (SInv)
You are a herbivore.
You cover ground extremely quickly.
You need to consume almost no food.


Message History

The hippogriff closely misses you. The hippogriff claws you.
* * * LOW HITPOINT WARNING * * *
The quokka completely misses you.
You miss the quokka. The quokka misses you.
You hit the quokka.
The quokka is heavily wounded.
The quokka misses you.
You miss the quokka.
The quokka is heavily wounded.
The quokka bites you.
* * * LOW HITPOINT WARNING * * *
Okay, then.
Sorry, you're not good enough to have a special ability.
Casting: Ensorcelled Hibernation (safe; 12% risk of failure)
Confirm with . or Enter, or press ? or * to list all spells.
Aiming: Ensorcelled Hibernation (safe; 12% risk of failure)
Press: ? - help, Shift-Dir - straight line, f/p - hippogriff
Aim: a hippogriff (chance to defeat MR: 36%)
The hippogriff easily resists.
The hippogriff bites you!
You die...

#.#[##.##.# #..
.#.##.##.# #..
.#....##.## #..
.#......H.####..
##.#..#.##..r$....
..................
#.###.##.##.......
#r# #.##.##.####..
#@# #....H..####..
#H# #..#####....
#.# #..# #.#..
#.#####..# #.##.
#....<...# # #.
#######.## ... #.#
#.... ..# ####.
#.. #.


You could see a hippogriff and a quokka.

Vanquished Creatures
  An adder (D:1)
  2 worms (D:2)
  2 dart slugs (D:1)
  A ball python (D:1)
  5 bats
  A goblin (D:1)
  2 hobgoblins
  A quokka (D:1)
  A frilled lizard (D:1)
  4 kobolds (D:1)
  A rat (D:1)
21 creatures vanquished.

Notes
Turn   | Place    | Note
-------+----------+-------------------------------------------
     0 | D:1      | ChaosChampion the Spriggan Enchanter began the quest for
                  | the Orb.
     0 | D:1      | Reached XP level 1. HP: 9/9 MP: 5/5
   409 | D:1      | Reached XP level 2. HP: 13/13 MP: 6/6
   448 | D:1      | Learned a level 2 spell: Ensorcelled Hibernation
   873 | D:2      | Noticed a hippogriff
  1227 | D:1      | Reached skill level 5 in Stealth
  1227 | D:1      | Reached XP level 3. HP: 17/17 MP: 2/8
  1469 | D:2      | Mangled by a hippogriff

Levels and vault maps discovered:
D:1:      dpeg_arrival_simpleton_b, layout_loops_ring
D:2:      layout_loops_cross, uniq_terence

Skill      XL: |  1  2  3 |
---------------+----------+-----
Short Blades   | 2 |  2.1
Stealth        | 5 |  5.1
Spellcasting   | 3 |  3.0
Fighting       | |  0.5
Dodging        | |  3.1
Hexes          | |  3.9
Ice Magic      | |  0.2

Action                   || total
-------------------------++-------
Melee: Dagger            ||    88
 Cast: Corona            ||     1
       Ensorcelled Hiber ||    17
 Stab: Sleeping          ||    10
Armor: Robe              ||     8
Dodge: Dodged            ||    82

Table legend:
 A = Non-vault XP
 B = Vault XP
 C = Vault XP percentage of total XP
 D = Non-vault monster count
 E = Vault monster count
 F = Vault count percentage of total count
                 A         B        C        D         E       F
            +---------+---------+-------+---------+---------+-------
      Total |      58 |       0 |   0.0 |      21 |       0 |   0.0
            +---------+---------+-------+---------+---------+-------
        D:1 |      45 |       0 |   0.0 |      17 |       0 |   0.0
        D:2 |      13 |       0 |   0.0 |       4 |       0 |   0.0
            +---------+---------+-------+---------+---------+-------
